 Dungeon Crawl Stone Soup version 0.29.1-12-g30fa7ad0bf (webtiles) character file.

Game seed: 15535518484261129369

1787 nachturnus the Carver (level 9, -1/59 (61) HPs)
             Began as a Human Gladiator on Jan 2, 2023.
             Was a Believer of Makhleb.
             Slain by an orc knight
             ... wielding a +0 halberd
              (13 damage)
             ... in a bailey.
             The game lasted 00:21:35 (6524 turns).

nachturnus the Carver (Human Gladiator)             Turns: 6524, Time: 00:21:36

HP:   -1/59 (61)    AC: 13    Str: 17    XL:     9   Next: 29%
MP:   9/9           EV: 16    Int:  8    God:    Makhleb [**....]
Gold: 312           SH:  5    Dex: 17    Spells: 8/8 levels left

rFire   . . .      SeeInvis .   a - +3 long sword (vorpal)
rCold   + . .      Faith    .   (no shield)
rNeg    . . .      Spirit   .   f - +1 ring mail {rC+}
rPois   .          Reflect  +   c - +1 helmet
rElec   .          Harm     .   (no cloak)
rCorr   .          Rampage  .   l - +1 pair of gloves
Will    .....                   h - +2 pair of boots
Stlth   +.........              o - amulet of reflection
HPRegen 0.19/turn               w - +4 ring of evasion
MPRegen 0.11/turn               (no ring)

@: hasted, lightly drained, very quick
A: no striking features
a: Renounce Religion, Minor Destruction


You were in a bailey.
You worshipped Makhleb.
Makhleb was pleased with you.
You visited 2 branches of the dungeon, and saw 8 of its levels.
You also visited: Bailey.

You collected 312 gold pieces.

Inventory:

Hand Weapons
 a - a +3 vorpal long sword (weapon)
Missiles
 d - 3 throwing nets (quivered)
 e - a javelin
Armour
 c - a +1 helmet (worn)
 f - a +1 ring mail of cold resistance (worn)
 h - a +2 pair of boots (worn)
 l - a +1 pair of gloves (worn)
Jewellery
 j - an amulet of faith
 o - an amulet of reflection (around neck)
 s - a ring of fire
 u - an amulet of magic regeneration
 w - a +4 ring of evasion (left hand)
Wands
 r - a wand of mindburst (12)
 x - a wand of digging (6)
Scrolls
 b - 2 scrolls of vulnerability
 v - 3 scrolls of teleportation
Potions
 g - 3 potions of might {unknown}
 i - 2 potions of cancellation {unknown}
 k - 2 potions of mutation {unknown}
 m - 2 potions of resistance
 n - a potion of haste
 p - a potion of curing
 q - 2 potions of lignification
 t - a potion of magic


   Skills:
 - Level 2.2 Fighting
 + Level 11.6 Long Blades
 - Level 2.2 Throwing
 - Level 3.1 Dodging


You had 8 spell levels left.
You didn't know any spells.
Your spell library contained the following spells:

 Spells                   Type           Power      Damage    Failure   Level
 Magic Dart               Conj           0%         1d3       63%         1
 Sandblast                Erth           0%         2d4       63%         1
 Passwall                 Tmut/Erth      0%         N/A       77%         2
 Searing Ray              Conj           0%         2d4       77%         2
 Conjure Flame            Conj/Fire      0%         6-21      94%         3
 Ignite Poison            Fire/Tmut/Pois 0%         N/A       94%         3
 Stone Arrow              Conj/Erth      0%         3d7       94%         3
 Cause Fear               Hex            0%         N/A       100%        4
 Fulminant Prism          Conj/Hex       0%         3d6       100%        4
 Sticky Flame             Conj/Fire      0%         2d3       100%        4
 Dragon Form              Tmut           0%         N/A       100%        7
 Dragon's Call            Summ           0%         N/A       100%        9


Dungeon Overview and Level Annotations

Branches:
Dungeon (7/15)             Temple (1/1) D:4          Bailey (1/1)

Altars:
Ashenzari
Cheibriados
Dithmenos
Elyvilon
Fedhas
Gozag
Hepliaklqana
Kikubaaqudgha
Makhleb
Nemelex Xobeh
Okawaru
Ru
Sif Muna
Trog
Uskayaw
Vehumet
Xom
Yredelemnul
The Shining One

Annotations:
D:6 Prince Ribbit


Message History

You closely miss the gnoll. You hit the gnoll.
The gnoll is moderately wounded.
You block the gnoll's attack. You block the orc knight's attack.
The orc barely misses you.
You slash the gnoll!
You kill the gnoll!
Makhleb accepts your kill.
The orc knight roars a battlecry!
The orc goes into a battle-frenzy!
The orc hits you with a +0 spear.
Items here: !! )) [ ††.
The orc knight closely misses you. You block the orc's attack.
There is an open door here.
Items here: !! )) [ ††.
You closely miss the orc knight.
The orc knight hits you with a +0 halberd.
The orc closely misses you.
You closely miss the orc knight. You barely miss the orc knight.
The orc knight hits you with a +0 halberd!
The orc completely misses you.
There is an open door here.
The orc knight barely misses you. You block the orc's attack.
There is an open door here.
You closely miss the orc knight. You hit the orc knight.
The orc knight is lightly wounded.
The orc knight hits you with a +0 halberd.
You block the orc's attack.
You slash the orc knight!
The orc knight is moderately wounded.
You hit the orc knight but do no damage.
The orc knight is moderately wounded.
The orc knight hits you with a +0 halberd!!
* * * LOW HITPOINT WARNING * * *
The orc closely misses you.
You are too injured to fight recklessly!
The orc knight hits you from afar with a +0 halberd!
You die...

#.# #. #g#.###)###.#
#'##'##'###'##'##'##
#!....# ##.....##
#.!...# ###.....###
+!.⌠..+ #.'..⌠..')#
#.!.!.# ###.....###
#...oo## ##.)...##
+##'##'###)##'##'# #
##@))###)###)# #####
### ##


You could see an orc knight (resistant) and an orc (strong).

Vanquished Creatures
  Duvessa (D:6)
  3 sky beasts
  3 black bears (D:5)
  An ice beast (D:6)
  A centaur (D:6)
  A kobold brigand (D:6)
  2 necrophages (D:4)
  A bullfrog (D:7)
  Dowan (D:6)
  A wight (D:4)
  A howler monkey (D:5)
  A centaur zombie (D:4)
  A human zombie (D:4)
  A gnoll bouda (D:5)
  4 iguanas
  2 scorpion zombies (D:4)
  A mummy (D:4)
  15 gnolls
  6 adders
  A white imp (D:5)
  3 ufetubi
  4 adder zombies (D:4)
  2 dart slugs (D:4)
  16 orcs
  5 endoplasms
  3 giant cockroaches
  7 goblins
  9 hobgoblins
  10 kobolds
  4 quokkas
  4 ball pythons
  A bat (D:2)
  2 frilled lizards
  8 rats
126 creatures vanquished.

Vanquished Creatures (others)
  A plant (D:2)
1 creature vanquished.

Grand Total: 127 creatures vanquished

Notes
Turn   | Place    | Note
-------+----------+-------------------------------------------
     0 | D:1      | nachturnus the Human Gladiator began the quest for the Orb.
     0 | D:1      | Reached XP level 1. HP: 16/16 MP: 1/1
   100 | D:1      | Found a faded altar of an unknown god.
   256 | D:1      | Reached XP level 2. HP: 13/22 MP: 2/2
  1006 | D:2      | Reached XP level 3. HP: 14/27 MP: 3/3
  1525 | D:2      | Identified the +5 dagger of the Vendetta {elec, rC+ Dex+4}
  1587 | D:2      | Reached skill level 4 in Long Blades
  1840 | D:3      | Reached XP level 4. HP: 24/33 MP: 4/4
  3130 | D:4      | Reached skill level 5 in Long Blades
  3130 | D:4      | Reached XP level 5. HP: 33/38 MP: 5/5
  3211 | D:4      | Found a staircase to the Ecumenical Temple.
  3257 | Temple   | Entered the Ecumenical Temple
  3476 | Temple   | Became a worshipper of Makhleb the Destroyer
  4050 | D:4      | Reached XP level 6. HP: 39/44 MP: 6/6
  4095 | D:4      | Reached skill level 6 in Long Blades
  4153 | D:4      | Reached skill level 7 in Long Blades
  4158 | D:4      | Reached XP level 7. HP: 50/50 MP: 7/7
  4175 | D:4      | Found a basalt altar of Yredelemnul.
  4279 | D:5      | Entered Level 5 of the Dungeon
  4294 | D:5      | Reached skill level 8 in Long Blades
  5037 | D:5      | Reached XP level 8. HP: 56/56 MP: 8/8
  5249 | D:5      | Reached skill level 9 in Long Blades
  5404 | D:5      | Reached * piety under Makhleb
  5784 | D:6      | Reached skill level 10 in Long Blades
  5825 | D:6      | Noticed Duvessa
  5825 | D:6      | Noticed Dowan
  5962 | D:6      | Killed Duvessa
  5969 | D:6      | Killed Dowan
  6039 | D:6      | Noticed Prince Ribbit
  6083 | D:6      | Reached XP level 9. HP: 61/61 MP: 9/9
  6089 | D:6      | Reached skill level 11 in Long Blades
  6206 | D:7      | Found a flagged portal.
  6230 | Bailey   | Entered a bailey
  6330 | Bailey   | Reached ** piety under Makhleb
  6475 | Bailey   | Noticed an orc knight
  6524 | Bailey   | Slain by an orc knight

Illustrated notes

Levels and vault maps discovered:
D:1:      amcnicky_arrival_abandoned_market, layout_basic,
          dreamdust_ecumenical_altar_angels_and_demons
D:2:      layout_basic, serial_bayou, serial_bayou_pond_d, serial_bayou_pond_a,
          serial_bayou_shore_b, serial_bayou_crossing
D:3:      layout_basic
D:4:      layout_gridville, lemuel_mausoleum_altar_yredelemnul, temple_fountains
D:5:      layout_cave_pools
D:6:      layout_rooms, serial_shops, nicolae_shop_behind_doors,
          uniq_prince_ribbit1, uniq_duvessa
D:7:      layout_cave_pools, enter_bailey_3, uniq_menkaure
Temple:   eino_narrow_crystal_temple
Bailey:   bailey_polearm_nasty_gnolls, bailey

Skill      XL: |  1  2  3  4  5  6  7  8  9 |
---------------+----------------------------+-----
Long Blades    | 4 5 7 8 10 11 | 11.6
Fighting       | |  2.2
Throwing       | |  2.2
Dodging        | |  3.1

Action                   |  1- 3 |  4- 6 |  7- 9 || total
-------------------------+-------+-------+-------++-------
Melee: Long sword        |    89 |   147 |   219 ||   455
       Punch             |     1 |     1 |     1 ||     3
  Use: Scroll            |     4 |     7 |    10 ||    21
       Potion            |       |       |     1 ||     1
Armor: Ring mail         |    53 |    51 |    78 ||   182
Dodge: Dodged            |    44 |    72 |   147 ||   263
Block: Other             |       |    11 |    54 ||    65
       Reflection        |       |       |     4 ||     4
